 Dungeon Crawl Stone Soup version 0.24.0-13-gcf9b319 (webtiles) character file.

Game seed: 2261966091455512077, levelgen mode: deterministic

1002 Fortress the Geomancer (level 8, -10/41 HPs)
             Began as a Gargoyle Earth Elementalist on Jan 6, 2020.
             Was an Initiate of Vehumet.
             Mangled by an ogre
             ... wielding a +0 giant club
              (19 damage)
             ... on level 5 of the Dungeon.
             The game lasted 00:27:45 (5830 turns).

Fortress the Geomancer (GrEE)                       Turns: 5830, Time: 00:27:46

Health: -10/41     AC: 13    Str: 12    XL:     8   Next: 20%
Magic:  15/15      EV: 12    Int: 18    God:    Vehumet [......]
Gold:   254        SH:  0    Dex: 10    Spells: 13/17 levels left

rFire    + . .     SeeInvis .   k - +0 short sword
rCold    + . .     Gourm    .   (no shield)
rNeg     + . .     Faith    .   y - +1 robe {rC+}
rPois    ∞         Spirit   .   D - +2 helmet
rElec    +         Reflect  .   (no cloak)
rCorr    +         Harm     .   A - +1 pair of gloves
MR       .....                  (no boots)
Stlth    +++.......             p - amulet of the acrobat
HPRegen  0.13/turn              m - ring of resist corrosion
MPRegen  0.14/turn              q - ring of protection from fire

@: no status effects
A: negative energy resistance 1, electricity resistance, unbreathing,
petrification resistance, rot immunity, AC +5
a: Renounce Religion


You were on level 5 of the Dungeon.
You worshipped Vehumet.
Vehumet was noncommittal.
You were not hungry.

You visited 2 branches of the dungeon, and saw 6 of its levels.
You also visited: Sewer.

You collected 254 gold pieces.

Inventory:

Hand Weapons
 h - a +0 spear
 k - a +0 short sword (weapon)
 t - a +0 arbalest
Missiles
 n - 5 boomerangs (quivered)
Armour
 y - a +1 robe of cold resistance (worn)
 A - a +1 pair of gloves (worn)
 D - a +2 helmet (worn)
Jewellery
 m - a ring of resist corrosion (left hand)
 p - an amulet of the acrobat (around neck)
 q - a ring of protection from fire (right hand)
 B - the ring "Liyneuh" {rPois SInv}
   (You found it on level 4 of the Dungeon)

   [ring of see invisible]

   It protects you from poison.
   It lets you see invisible.
Wands
 z - a wand of flame (7)
Scrolls
 a - a scroll of fear {unknown}
 f - 3 scrolls of teleportation {unknown}
 j - 3 scrolls of identify
 l - 2 scrolls of enchant weapon {unknown}
 r - 2 scrolls of remove curse
 u - a scroll of fog {unknown}
 v - a scroll of amnesia {unknown}
Potions
 c - a potion of mutation {unknown}
 e - 4 potions of curing
 g - 4 potions of haste
 i - 3 potions of heal wounds
 o - a potion of invisibility
 s - a potion of berserk rage
 w - a potion of ambrosia
 x - 4 potions of brilliance
 C - a potion of agility {unknown}
 F - 5 potions of might
 G - a potion of flight {unknown}
Comestibles
 d - 5 rations


   Skills:
 - Level 2.1 Dodging
 * Level 4.7 Stealth
 - Level 5.0 Spellcasting
   Level 0.7 Transmutations
 + Level 8.7 Earth Magic


You had 13 spell levels left.
You knew the following spells:

 Your Spells              Type           Power        Failure   Level  Hunger
a - Sandblast             Erth           #####.       1%          1    None
b - Stone Arrow           Conj/Erth      ###...       7%          3    ##.....

Your spell library contained the following spells:

 Spells                   Type           Power        Failure   Level  Hunger
 Passwall                 Tmut/Erth      ###.....     2%          2    #......
 Lee's Rapid Deconstruct  Erth           #####.....   10%         5    ######.
 Petrify                  Tmut/Erth      ###.....     19%         4    ####...


Dungeon Overview and Level Annotations

Branches:
Dungeon (5/15)             Temple (1/1) D:5           Sewer (visited)

Altars:
Ashenzari
Cheibriados
Dithmenos
Elyvilon
Fedhas
Gozag
Kikubaaqudgha
Makhleb
Nemelex Xobeh
Okawaru
Qazlal
Ru
Sif Muna
Trog
Uskayaw
Vehumet
Xom
Yredelemnul
The Shining One


Innate Abilities, Weirdness & Mutations

You are resistant to torment.
Your stone body is resilient. (AC +5)
You are immune to poison.
You resist negative energy. (rN+)
You are resistant to electric shocks. (rElec)
You can survive without breathing.
You are immune to petrification.
You are immune to rotting.


Message History

You hit the ogre.
The ogre is severely wounded.
The ogre looks more healthy.
The ogre barely misses you. The hound barely misses you. The hound misses you.
You hit the ogre but do no damage.
The ogre is severely wounded.
The ogre barely misses you. The hound bites you but does no damage.
You barely miss the ogre.
The ogre is severely wounded.
The hound barely misses you. The ogre barely misses you. The hound misses you.
You barely miss the ogre.
The ogre is severely wounded.
The hound barely misses you. The ogre hits you with a +0 giant club!
* * * LOW HITPOINT WARNING * * *
The hound barely misses you.
You hit the ogre.
The ogre is almost dead.
The hound barely misses you.
The ogre hits you with a +0 giant club!!
You die...

*,** *,,,,<,,,,* *,* ***,*
*,,,,,,,,,* *,* ,,,,*
**,,,**,,** *,* *****
*,,,***,* *,* *,*,* *,* *,*
##,*,* *,## *,*
##?.#####..## *,*
**##......O....##** *,*
*,....8..@..8....,* *,*
*,##.....h.....##,* *,*
****** *,*##..#####..##,,*
**,* ,,,,,* *,,,##,*
*,##,,** *,,* ****,*
***,**+** **+**,** *,** *,*
*,**,,***,,**,* *,* *,*
*,**,,,,,,***,* *,*
*,*****,,,,,,,,,,,,,* *,*
*,,,,**********,***,*****,*


You could see an ogre and a hound.

Vanquished Creatures
  A phantom (D:4)
  A centaur (D:5)
  4 big kobolds (Sewer)
  Blork the orc (D:4)
  A bullfrog zombie (D:5)
  A centaur zombie (D:5)
  A hound (D:4)
  A bullfrog skeleton (D:3)
  An iguana (D:4)
  Natasha (thrice) (D:4)
  An orc wizard (D:4)
  3 worker ants
  8 adders
  An ooze (Sewer)
  An adder skeleton (D:4)
  2 worms (D:2)
  4 leopard geckos
  12 giant cockroaches
  8 goblins
  6 hobgoblins
  3 jackals (D:1)
  4 quokkas
  5 ball pythons
  10 bats
  6 frilled lizards
  17 kobolds
  4 rats
110 creatures vanquished.

Notes
Turn   | Place    | Note
-------+----------+-------------------------------------------
     0 | D:1      | Fortress the Gargoyle Earth Elementalist began the quest
                  | for the Orb.
     0 | D:1      | Reached XP level 1. HP: 10/10 MP: 3/3
   467 | D:1      | Reached skill level 4 in Earth Magic
   467 | D:1      | Reached XP level 2. HP: 15/15 MP: 3/5
   663 | D:1      | Reached XP level 3. HP: 19/19 MP: 2/6
  1368 | D:2      | Found a shadowy altar of Dithmenos.
  1508 | D:2      | Reached XP level 4. HP: 24/24 MP: 4/8
  2055 | D:3      | Found an iron altar of Okawaru.
  2215 | D:3      | Reached skill level 5 in Earth Magic
  2291 | D:3      | Reached XP level 5. HP: 28/28 MP: 7/10
  2698 | D:4      | Found a blossoming altar of Fedhas.
  2767 | D:4      | Noticed Blork the orc
  2768 | D:4      | Noticed Natasha
  2772 | D:4      | Killed Blork the orc
  2772 | D:4      | Reached XP level 6. HP: 32/32 MP: 6/12
  2777 | D:4      | Killed Natasha
  2834 | D:4      | Learned a level 3 spell: Stone Arrow
  2881 | D:4      | Noticed Natasha
  2885 | D:4      | Killed Natasha
  2934 | D:4      | Noticed Natasha
  2939 | D:4      | Killed Natasha
  2939 | D:4      | Reached skill level 6 in Earth Magic
  3033 | D:4      | Noticed a phantom
  3044 | D:4      | Killed a phantom
  3048 | D:4      | Reached skill level 5 in Spellcasting
  3048 | D:4      | Reached XP level 7. HP: 16/36 MP: 1/14
  3480 | D:4      | Found a white marble altar of Elyvilon.
  3586 | D:4      | Got a twitching ivory ring
  3587 | D:4      | Identified the ring "Liyneuh" {rPois SInv} (You found it on
                  | level 4 of the Dungeon)
  3646 | D:5      | Entered Level 5 of the Dungeon
  3656 | D:5      | Found a glowing drain.
  3750 | Sewer    | Entered a sewer
  3821 | Sewer    | Reached skill level 7 in Earth Magic
  4764 | Sewer    | Reached skill level 8 in Earth Magic
  4958 | D:5      | Found a staircase to the Ecumenical Temple.
  4980 | D:5      | Reached XP level 8. HP: 41/41 MP: 15/15
  4984 | Temple   | Entered the Ecumenical Temple
  5145 | Temple   | Became a worshipper of Vehumet
  5830 | D:5      | Mangled by an ogre

Levels and vault maps discovered:
D:1:      dpeg_arrival_central, layout_basic, minmay_small_reverse_x
D:2:      layout_basic, nicolae_overflow_hidden_temple,
          nicolae_dithmenos_through_a_glass_darkly, minmay_quadrilaterals
D:3:      cheibrodos_helix_gallery, layout_loops_ring, okawaru_gym_becter
D:4:      layout_basic, kennysheep_mini, marbit_many_paths, minivault_27,
          uniq_natasha, uniq_blork_the_orc
D:5:      layout_loops_ring, minmay_temple_entry_mini_moons,
          gup_sewer_entry_glass, first_ration, grunt_ministairs_15,
          grunt_tough_drop
Temple:   kb_temple_of_zot

Skill      XL: |  1  2  3  4  5  6  7 |
---------------+----------------------+-----
Earth Magic    | 4 5 6 8 |  8.7
Spellcasting   | 3 4 5 |  5.0
Stealth        | 4 |  4.7
Dodging        | 2 |  2.1
Transmutations | |  0.7

Action                   |  1- 3 |  4- 6 |  7- 9 || total
-------------------------+-------+-------+-------++-------
Melee: Club              |    16 |       |       ||    16
       Unarmed           |     1 |       |       ||     1
       Short sword       |    12 |     9 |   462 ||   483
Throw: Dart              |       |       |     4 ||     4
       Boomerang         |       |       |     1 ||     1
 Cast: Sandblast         |    47 |    53 |    21 ||   121
  Use: Scroll            |       |     9 |     3 ||    12
       Potion            |       |       |     1 ||     1
 Stab: Sleeping          |     1 |       |     2 ||     3
  Eat: Chunk             |     2 |     1 |     7 ||    10
       Ration            |       |     1 |     1 ||     2
Armor: Robe              |    14 |     8 |   228 ||   250
Dodge: Dodged            |    31 |    14 |   304 ||   349
